BR
PUNTA CANA HUTIAS @ AMITY GARDENS WESTERNERS
09/12/2026
 
TOP OF THE 1ST
Punta Cana Hutias batting - Pitching for Amity Gardens Westerners : RHP Hollis Farmer
Pitching: RHP Hollis Farmer
Batting: RHB Alberto García 0-0: SINGLE (Flyball, 8LM)
Batting: SHB Alonso Contrera 0-0: Fly out, F7 (Flyball, 7M)
Batting: LHB Jon Quinn 0-0: DOUBLE (Line Drive, 3D)
Alberto García to third
Runner from 3rd tries for Home, SAFE, throw made home
Batting: SHB Ken Gibson 0-0: Ball
1-0: Foul Ball, location: 2F
1-1: Ball
2-1: Foul Ball, location: 2F
2-2: Fly out, F4 (Line Drive, 4)
Batting: RHB Ron Campbell 0-0: Swinging Strike
0-1: Foul Ball, location: 2F
0-2: Strikes out looking
Top of the 1st over - 1 run(s), 2 hit(s), 0 error(s), 1 left on base; Punta Cana 1 - Amity Gardens 0
BOTTOM OF THE 1ST
Amity Gardens Westerners batting - Pitching for Punta Cana Hutias : RHP Josh Young
Pitching: RHP Josh Young
Batting: SHB Emílio Calvillo 0-0: Ball
1-0: Ball
2-0: Ball
3-0: Base on Balls
Batting: SHB Norberto Sánchez 0-0: Ball
1-0: Grounds out, U3 (Groundball, 3L)
Batting: RHB Ramón Rodríguez 0-0: Ball
Emílio Calvillo steals 3rd base
1-0: Ball
2-0: Called Strike
2-1: Swinging Strike
2-2: Ground out 5-3 (Groundball, 5L)
Batting: RHB Jorge Loanos 0-0: Called Strike
0-1: Ball
1-1: Ball
Passed Ball!
Emílio Calvillo scores
2-1: Called Strike
2-2: Strikes out looking
Bottom of the 1st over - 1 run(s), 0 hit(s), 0 error(s), 0 left on base; Punta Cana 1 - Amity Gardens 1
TOP OF THE 2ND
Punta Cana Hutias batting - Pitching for Amity Gardens Westerners : RHP Hollis Farmer
Batting: LHB Gustavo Gómez 0-0: Called Strike
0-1: Ball
1-1: Ball
2-1: Ball
3-1: Fly out, F8 (Flyball, 78M)
Batting: RHB Armando Arellano 0-0: Ground out 5-3 (Groundball, 5S)
Batting: LHB Marvin Nichols 0-0: Foul Ball, location: 2F
0-1: Ball
1-1: Ball
2-1: Swinging Strike
2-2: Ball
3-2: Strikes out swinging
Top of the 2nd over - 0 run(s), 0 hit(s), 0 error(s), 0 left on base; Punta Cana 1 - Amity Gardens 1
BOTTOM OF THE 2ND
Amity Gardens Westerners batting - Pitching for Punta Cana Hutias : RHP Josh Young
Batting: RHB Gary Stephenson 0-0: Foul Ball, location: 2F
0-1: SINGLE (Flyball, 89S)
Batting: LHB Luis Vázquez 0-0: Called Strike
0-1: Ball
1-1: Foul Ball, location: 2F
1-2: Foul Ball, location: 2F
1-2: Ball
2-2: Strikes out looking
Batting: LHB Milo Glenn 0-0: Called Strike
0-1: Fielders Choice at 2nd, 4-6 (Groundball, 34)
Batting: RHB Roderick Silva 0-0: Ball
1-0: Called Strike
1-1: Called Strike
1-2: Strikes out swinging
Bottom of the 2nd over - 0 run(s), 1 hit(s), 0 error(s), 1 left on base; Punta Cana 1 - Amity Gardens 1
TOP OF THE 3RD
Punta Cana Hutias batting - Pitching for Amity Gardens Westerners : RHP Hollis Farmer
Batting: RHB Jason Fuller 0-0: Called Strike
0-1: Called Strike
0-2: Ball
1-2: Strikes out looking
Batting: RHB Alberto García 0-0: Ball
1-0: Foul Ball, location: 2F
1-1: Foul Ball, location: 2F
1-2: Ground out 3-1 (Groundball, 34)
Batting: SHB Alonso Contrera 0-0: Foul Ball, location: 2F
0-1: Called Strike
0-2: Ball
1-2: Foul Ball, location: 2F
1-2: Strikes out swinging
Top of the 3rd over - 0 run(s), 0 hit(s), 0 error(s), 0 left on base; Punta Cana 1 - Amity Gardens 1
BOTTOM OF THE 3RD
Amity Gardens Westerners batting - Pitching for Punta Cana Hutias : RHP Josh Young
Batting: RHB Alexander Barr 0-0: Ball
1-0: Called Strike
1-1: Foul Ball, location: 2F
1-2: Strikes out swinging
Batting: SHB Emílio Calvillo 0-0: Foul Ball, location: 2F
0-1: Fly out, F8 (Flyball, 8RM)
Batting: SHB Norberto Sánchez 0-0: Called Strike
0-1: Ball
1-1: Ball
2-1: Swinging Strike
2-2: Strikes out looking
Bottom of the 3rd over - 0 run(s), 0 hit(s), 0 error(s), 0 left on base; Punta Cana 1 - Amity Gardens 1
TOP OF THE 4TH
Punta Cana Hutias batting - Pitching for Amity Gardens Westerners : RHP Hollis Farmer
Batting: LHB Jon Quinn 0-0: Foul Ball, location: 2F
0-1: Ball
1-1: Foul Ball, location: 2F
1-2: Strikes out looking
Batting: SHB Ken Gibson 0-0: Fly out, F5 (Popup, 5L)
Batting: RHB Ron Campbell 0-0: SINGLE (Line Drive, 9LM)
Batting: LHB Gustavo Gómez 0-0: Ball
1-0: Ball
2-0: Called Strike
2-1: Ball
3-1: Swinging Strike
3-2: Fly out, F8 (Flyball, 8LS)
Top of the 4th over - 0 run(s), 1 hit(s), 0 error(s), 1 left on base; Punta Cana 1 - Amity Gardens 1
BOTTOM OF THE 4TH
Amity Gardens Westerners batting - Pitching for Punta Cana Hutias : RHP Josh Young
Batting: RHB Ramón Rodríguez 0-0: Ball
1-0: SINGLE (Line Drive, 7LS)
Batting: RHB Jorge Loanos 0-0: Ball
1-0: Ball
2-0: Called Strike
2-1: Fielders Choice at 2nd, 5-4 (Groundball, 56)
Batting: RHB Gary Stephenson 0-0: Called Strike
0-1: Ball
Jorge Loanos steals 2nd base
1-1: Ball
2-1: Foul Ball, location: 2F
2-2: Ball
3-2: Ground out 4-3 (Groundball, 4)
Jorge Loanos to third
Batting: LHB Luis Vázquez 0-0: Ball
1-0: SINGLE (Groundball, 56D)
Jorge Loanos scores
Batting: LHB Milo Glenn 0-0: Called Strike
0-1: Ball
1-1: Called Strike
1-2: Ball
Luis Vázquez steals 2nd base
2-2: Ball
3-2: Strikes out swinging
Bottom of the 4th over - 1 run(s), 2 hit(s), 0 error(s), 1 left on base; Punta Cana 1 - Amity Gardens 2
TOP OF THE 5TH
Punta Cana Hutias batting - Pitching for Amity Gardens Westerners : RHP Hollis Farmer
Batting: RHB Armando Arellano 0-0: Swinging Strike
0-1: Called Strike
0-2: Strikes out looking
Batting: LHB Marvin Nichols 0-0: Foul Ball, location: 2F
0-1: Ball
1-1: Swinging Strike
1-2: Foul Ball, location: 2F
1-2: Ball
2-2: Fly out, F8 (Flyball, 8RM)
Batting: RHB Jason Fuller 0-0: Ball
1-0: Bunt for hit - play at first, batter OUT! 2-3
Top of the 5th over - 0 run(s), 0 hit(s), 0 error(s), 0 left on base; Punta Cana 1 - Amity Gardens 2
BOTTOM OF THE 5TH
Amity Gardens Westerners batting - Pitching for Punta Cana Hutias : RHP Josh Young
Batting: RHB Roderick Silva 0-0: Ball
1-0: Swinging Strike
1-1: Ball
2-1: Foul Ball, location: 2F
2-2: Strikes out swinging
Batting: RHB Alexander Barr 0-0: Ball
1-0: Ground out 1-3 (Groundball, 13S)
Batting: SHB Emílio Calvillo 0-0: Ball
1-0: Ball
2-0: Called Strike
2-1: Ball
3-1: Base on Balls
Batting: SHB Norberto Sánchez 0-0: Ball
Emílio Calvillo is caught stealing 2nd base
Bottom of the 5th over - 0 run(s), 0 hit(s), 0 error(s), 0 left on base; Punta Cana 1 - Amity Gardens 2
TOP OF THE 6TH
Punta Cana Hutias batting - Pitching for Amity Gardens Westerners : RHP Hollis Farmer
Batting: RHB Alberto García 0-0: Foul Ball, location: 2F
0-1: Ball
1-1: Called Strike
1-2: Foul Ball, location: 2F
1-2: Ball
2-2: Strikes out looking
Batting: SHB Alonso Contrera 0-0: SINGLE (Groundball, 6MS)
Batting: LHB Jon Quinn 0-0: Called Strike
0-1: Called Strike
0-2: Strikes out swinging
Batting: SHB Ken Gibson 0-0: Called Strike
0-1: Ball
1-1: Swinging Strike
1-2: Fly out, F5 (Popup, 5S)
Top of the 6th over - 0 run(s), 1 hit(s), 0 error(s), 1 left on base; Punta Cana 1 - Amity Gardens 2
BOTTOM OF THE 6TH
Amity Gardens Westerners batting - Pitching for Punta Cana Hutias : RHP Josh Young
Batting: SHB Norberto Sánchez 0-0: Ball
1-0: Fly out, F8 (Flyball, 8RM)
Batting: RHB Ramón Rodríguez 0-0: Called Strike
0-1: Foul Ball, location: 2F
0-2: Reached on error, E6 (Groundball, 6)
Batting: RHB Jorge Loanos 0-0: Called Strike
0-1: Foul Ball, location: 2F
0-2: Ball
1-2: Ball
2-2: Foul Ball, location: 2F
2-2: Grounds into double play, 4-6-3 (Groundball, 4)
Bottom of the 6th over - 0 run(s), 0 hit(s), 1 error(s), 0 left on base; Punta Cana 1 - Amity Gardens 2
TOP OF THE 7TH
Punta Cana Hutias batting - Pitching for Amity Gardens Westerners : RHP Hollis Farmer
Batting: RHB Ron Campbell 0-0: Foul Ball, location: 2F
0-1: Ball
1-1: Fly out, F9 (Flyball, 89S)
Batting: LHB Gustavo Gómez 0-0: Ball
1-0: Foul Ball, location: 2F
1-1: Ball
2-1: Swinging Strike
2-2: Fly out, F6 (Popup, 6M)
Batting: RHB Armando Arellano 0-0: Hit by Pitch
Pitching: LHP Dan Thompson
Batting: LHB Marvin Nichols 0-0: Ball
Armando Arellano steals 2nd base
1-0: Called Strike
1-1: Foul Ball, location: 2F
1-2: SINGLE (Groundball, 4MD) (infield hit)
Armando Arellano to third
Batting: RHB Jason Fuller 0-0: Swinging Strike
0-1: Ball
1-1: Ball
2-1: Swinging Strike
2-2: Strikes out looking
Top of the 7th over - 0 run(s), 1 hit(s), 0 error(s), 2 left on base; Punta Cana 1 - Amity Gardens 2
BOTTOM OF THE 7TH
Amity Gardens Westerners batting - Pitching for Punta Cana Hutias : RHP Josh Young
Pitching: RHP Steve Harris
Batting: RHB Gary Stephenson 0-0: Called Strike
0-1: Ground out 4-3 (Groundball, 4M)
Batting: LHB Luis Vázquez 0-0: Reached on error, E4 (Groundball, 4M)
Batting: LHB Milo Glenn 0-0: Ball
1-0: Ball
2-0: Ball
3-0: Called Strike
3-1: Called Strike
3-2: Strikes out swinging
Batting: RHB Roderick Silva 0-0: Ball
1-0: Ball
2-0: Hit by Pitch
Pinch Runner at 1st Foster Hapgood:
Batting: RHB Alexander Barr 0-0: Swinging Strike
0-1: Fly out, F9 (Flyball, 8RM)
Bottom of the 7th over - 0 run(s), 0 hit(s), 1 error(s), 2 left on base; Punta Cana 1 - Amity Gardens 2
TOP OF THE 8TH
Punta Cana Hutias batting - Pitching for Amity Gardens Westerners : LHP Dan Thompson
Pitching: RHP León Delgado
Now at 1B: Foster Hapgood
Batting: RHB Alberto García 0-0: Swinging Strike
0-1: Ground out 1-6-3 (Groundball, 15S)
Batting: SHB Alonso Contrera 0-0: Swinging Strike
0-1: Ball
1-1: Called Strike
1-2: Foul Ball, location: 2F
1-2: Strikes out swinging
Pitching: LHP Mario López
Batting: LHB Jon Quinn 0-0: Ball
1-0: DOUBLE (Flyball, 78XD)
Pinch Hitting: RHB Rubén Hernández 0-0: Ball
1-0: Foul Ball, location: 2F
1-1: Ball
2-1: Foul Ball, location: 2F
2-2: Foul Ball, location: 2F
2-2: Ball
3-2: Base on Balls
Pinch Runner at 2nd Jim Norris:
Pinch Hitting: LHB Henry Durham 0-0: Fly out, F7 (Flyball, 7M)
Top of the 8th over - 0 run(s), 1 hit(s), 0 error(s), 2 left on base; Punta Cana 1 - Amity Gardens 2
BOTTOM OF THE 8TH
Amity Gardens Westerners batting - Pitching for Punta Cana Hutias : RHP Steve Harris
Now in LF: Henry Durham
Now in RF: Roberto Medina
Batting: SHB Emílio Calvillo 0-0: Called Strike
0-1: Ball
1-1: Ground out 4-3 (Groundball, 4M)
Batting: SHB Norberto Sánchez 0-0: Ball
1-0: Ball
2-0: Swinging Strike
2-1: Called Strike
2-2: Strikes out swinging
Batting: RHB Ramón Rodríguez 0-0: Ground out 2-3 (Groundball, 2R)
Bottom of the 8th over - 0 run(s), 0 hit(s), 0 error(s), 0 left on base; Punta Cana 1 - Amity Gardens 2
TOP OF THE 9TH
Punta Cana Hutias batting - Pitching for Amity Gardens Westerners : LHP Mario López
Batting: LHB Gustavo Gómez 0-0: Called Strike
0-1: Swinging Strike
0-2: Foul Ball, location: 2F
0-2: Ball
1-2: Ball
2-2: Strikes out swinging
Pinch Hitting: RHB Carlos Ruíz 0-0: Ball
1-0: Ball
2-0: Ball
3-0: Base on Balls
Batting: LHB Marvin Nichols 0-0: Fly out, F9 (Flyball, 89S)
Batting: RHB Jason Fuller 0-0: Ball
1-0: Fly out, F8 (Flyball, 8LM)
Top of the 9th over - 0 run(s), 0 hit(s), 0 error(s), 1 left on base; Punta Cana 1 - Amity Gardens 2
Monday, December 5th, 2016 - OOTP Baseball 17.12 Build 75